 Dungeon Crawl Stone Soup version 0.30-a0-219-gf2db51d15e (webtiles) character file.

Game seed: 15020257622290512168

160 jimonade the Cutter (level 5, 0/30 HPs)
             Began as a Kobold Brigand on Oct 7, 2022.
             Slain by a white imp (1 damage)
             ... on level 3 of the Dungeon.
             The game lasted 00:06:48 (2620 turns).

jimonade the Cutter (Kobold Brigand)                Turns: 2620, Time: 00:06:48

Health: 0/30       AC:  8    Str:  8      XL:     5   Next: 69%
Magic:  5/5        EV: 11    Int: 13      God:
Gold:   228        SH:  4    Dex: 15 (18) Spells: 4/4 levels left

rFire   . . .      SeeInvis .    a - +2 dagger
rCold   . . .      Faith    .    s - +0 buckler
rNeg    . . .      Spirit   .    m - +0 ring mail
rPois   +          Reflect  .    x - +0 helmet
rElec   .          Harm     .    c - +0 cloak
rCorr   .          Rampage  .    i - +0 pair of gloves
Will    .....                    (no boots)
Stlth   +++.......               (no amulet)
HPRegen 0.25/turn                o - ring of poison resistance
MPRegen 0.09/turn                (no ring)

@: no status effects
A: small, no large weapons, nightstalker 3
a: no special abilities


You were on level 3 of the Dungeon.
You visited 1 branch of the dungeon, and saw 4 of its levels.

You collected 228 gold pieces.

Inventory:

Hand Weapons
 a - a +2 dagger (weapon)
Missiles
 d - 8 poisoned darts (quivered)
 e - 3 curare-tipped darts
Armour
 b - a +0 robe
 c - a +0 cloak (worn)
 i - a +0 pair of gloves (worn)
 m - a +0 ring mail (worn)
 r - a +2 scale mail of cold resistance
 s - a +0 buckler (worn)
 u - a +0 cloak
 x - a +0 helmet (worn)
Magical Staves
 B - a staff of poison
Jewellery
 h - a ring of magical power
 o - a ring of poison resistance (left hand)
 y - a ring of fire
Scrolls
 j - 5 scrolls of identify {unknown}
 k - 2 scrolls of poison {unknown}
 l - a scroll of summoning {unknown}
 n - a scroll of brand weapon {unknown}
 p - 2 scrolls of noise {unknown}
 w - 2 scrolls of teleportation {unknown}
Potions
 f - a potion of brilliance {unknown}
 g - 4 potions of degeneration {unknown}
 q - a potion of heal wounds {unknown}
 t - a potion of lignification {unknown}
 v - a potion of cancellation {unknown}
 z - 2 potions of curing {unknown}
 A - a potion of might {unknown}
 C - 2 potions of ambrosia {unknown}
 D - a potion of invisibility {unknown}


   Skills:
 - Level 2.1 Fighting
 + Level 7.2 Short Blades
 - Level 2.1 Throwing
 - Level 1.2 Dodging
 - Level 5.3 Stealth


You had 4 spell levels left.
You didn't know any spells.
Your spell library contained the following spells:

 Spells                   Type           Power      Damage    Failure   Level
 Sandblast                Erth           0%         2d4       83%         1
 Passwall                 Tmut/Erth      0%         N/A       93%         2
 Stone Arrow              Conj/Erth      0%         3d7       99%         3


Dungeon Overview and Level Annotations

Branches:
Dungeon (4/15)
 Temple: D:4-7

Altars:
Makhleb
Ru

Annotations:
D:1 exclusion: downstairs
D:2 Robin, Sigmund
D:3 3 runed translucent doors


Innate Abilities, Weirdness & Mutations

You are small and have problems with some larger weapons.
You are completely attuned to the shadows.


Message History

You block the quasit's attack. The quasit attacks as you move away!
The quasit barely misses you. You block the quasit's attack.
The quasit misses you. The quasit attacks as you move away!
You block the quasit's attack. The quasit barely misses you.
The quasit completely misses you.
There is a stone staircase leading up here.
The quasit bites you.
* * * LOW HITPOINT WARNING * * *
You feel clumsy. The quasit barely misses you.
The quasit claws you but does no damage.
The white imp shouts, "Turn tail, thou froward elf-skinned nobody!"
You block the white imp's attack.
The quasit bites you but does no damage.
The quasit claws you but does no damage.
The quasit claws you.
* * * LOW HITPOINT WARNING * * *
You feel clumsy.
You climb upwards.
Level annotation: 3 runed translucent doors
There is a stone staircase leading down here.
You barely miss the white imp.
The white imp is moderately wounded.
The white imp gestures at you. The puff of frost hits you.
* * * LOW HITPOINT WARNING * * *
You block the quasit's attack.
The quasit claws you but does no damage. x2
You hit the quasit but do no damage. You barely miss the quasit.
The quasit bites you but does no damage.
You block the quasit's attack.
The quasit claws you but does no damage.
The white imp barely misses you.
You hit the quasit.
The quasit is lightly wounded.
The quasit bites you but does no damage.
The quasit claws you but does no damage. x2
The white imp hits you.
You die...

..........#
###...#
..........#
#....##
..........# #.####
..........# #.#
..........# #.#
..........# #.#
........### #.#
........######.###
...............5@#
........######.#5#
........# #.#.#
........# #.#.#
........# #...#
######### ###.#
#.# #.# #### #.#


You could see a quasit and a white imp.

Vanquished Creatures
  A hound (D:4)
  Terence (D:2)
  An adder (D:2)
  2 worms
  A dart slug (D:1)
  10 orcs
  5 ball pythons
  5 endoplasms
  8 giant cockroaches
  8 hobgoblins
  2 jackals (D:4)
  3 quokkas
  2 bats
  6 frilled lizards
  7 goblins
  4 kobolds
  7 rats
73 creatures vanquished.

Notes
Turn   | Place    | Note
-------+----------+-------------------------------------------
     0 | D:1      | jimonade the Kobold Brigand began the quest for the Orb.
     0 | D:1      | Reached XP level 1. HP: 12/12 MP: 1/1
    85 | D:1      | Reached skill level 3 in Short Blades
   106 | D:1      | Reached XP level 2. HP: 7/17 MP: 2/2
   201 | D:1      | Found a faded altar of an unknown god.
   242 | D:1      | Reached skill level 4 in Short Blades
   507 | D:1      | Reached XP level 3. HP: 21/21 MP: 3/3
   664 | D:2      | Noticed Sigmund
   877 | D:2      | Reached skill level 5 in Short Blades
   884 | D:2      | Noticed Robin
   964 | D:2      | Noticed Terence
  1073 | D:2      | Reached XP level 4. HP: 25/26 MP: 4/4
  1346 | D:2      | Killed Terence
  1376 | D:2      | Reached skill level 6 in Short Blades
  1687 | D:3      | Reached XP level 5. HP: 30/30 MP: 5/5
  1701 | D:3      | Found a runed translucent gate.
  1701 | D:3      | Found a runed translucent gate.
  1701 | D:3      | Found a runed translucent gate.
  1714 | D:3      | Found a sacrificial altar of Ru.
  2249 | D:3      | Found a burning altar of Makhleb.
  2550 | D:4      | Reached skill level 7 in Short Blades
  2617 | D:3      | HP: 1/30 [white imp/puff of frost (6)]
  2620 | D:3      | Slain by a white imp

Illustrated notes

Levels and vault maps discovered:
D:1:      dpeg_arrival_snail, layout_rooms,
          hellmonk_ecumenical_altar_heavens_door
D:2:      layout_rooms, due_unseen_surprise, uniq_sigmund, uniq_robin,
          uniq_terence
D:3:      layout_basic, lemuel_crystal_altar, nicolae_overflow_crystal_walls,
          gammafunk_ghost_necromancy, minmay_misc_feat_rugged, solitary_fountain
D:4:      layout_rooms, kennysheep_slug_shrine, mainiacjoe_overflow_24_doors,
          minmay_temple_entry_poolview, serial_demonic, serial_demonic_d,
          serial_demonic_b, serial_demonic_g, serial_demonic_a,
          chequers_serial_rivers_micro_e

Skill      XL: |  1  2  3  4  5 |
---------------+----------------+-----
Short Blades   | 3 4 5 6 7 |  7.2
Fighting       | |  2.1
Throwing       | |  2.1
Dodging        | |  1.2
Stealth        | |  5.3

Action                   |  1- 3 |  4- 6 || total
-------------------------+-------+-------++-------
Melee: Dagger            |   108 |   101 ||   209
Throw: Dart              |       |     9 ||     9
 Stab: Sleeping          |    14 |    14 ||    28
Armor: Robe              |     8 |       ||     8
       Ring mail         |    15 |    28 ||    43
Dodge: Dodged            |    54 |    42 ||    96
Block: Buckler           |     3 |    17 ||    20

Table legend: (Time is in decaauts)
 A = Elapsed time spent in this place.
 B = Non-inter-level travel time spent in this place.
 C = Inter-level travel time spent in this place.
 D = Time resting spent in this place.
 E = Time spent auto-exploring this place.
 F = Levels seen in this place.
 G = Mean time per level.
                   A        B        C        D        E       F      G
               +--------+--------+--------+--------+--------+-----+--------+
         Total |   2571 |   2372 |    199 |      0 |   1640 |   4 |  642.8 |
       Dungeon |   2571 |   2372 |    199 |      0 |   1640 |   4 |  642.8 |
               +--------+--------+--------+--------+--------+-----+--------+

Top non-repeatable levels by time:
     D:1: 904 daAuts
     D:3: 805 daAuts
     D:2: 732 daAuts
     D:4: 130 daAuts
